 Dungeon Crawl Stone Soup version 0.28-a0-984-g3775c662fe (webtiles) character file.

Game seed: 9438818193129423248

60 ders the Digger (level 4, -2/24 HPs)
             Began as a Gargoyle Earth Elementalist on Dec 3, 2021.
             Hit by a boomerang thrown by an orc (3 damage)
             ... on level 2 of the Dungeon.
             The game lasted 00:02:56 (1654 turns).

ders the Digger (Gargoyle Earth Elementalist)       Turns: 1654, Time: 00:02:56

Health: -2/24      AC:  5    Str: 11    XL:     4   Next: 6%
Magic:  0/8        EV: 12    Int: 18    God:
Gold:   102        SH:  0    Dex: 10    Spells: 4/8 levels left

rFire   . . .      SeeInvis .   e - +0 dagger
rCold   . . .      Faith    .   (no shield)
rNeg    + . .      Spirit   .   b - +0 robe
rPois   ∞          Reflect  .   (no helmet)
rElec   +          Harm     .   (no cloak)
rCorr   .          Rampage  .   (no gloves)
Will    .....                   (no boots)
Stlth   ++........              (no amulet)
HPRegen 0.08/turn               (no ring)
MPRegen 0.11/turn               (no ring)

@: very slightly contaminated
A: sickness immunity, AC +3, negative energy resistance 1, electricity
resistance, torment resistance 1, petrification resistance
a: no special abilities


You were on level 2 of the Dungeon.
You visited 1 branch of the dungeon, and saw 3 of its levels.

You collected 102 gold pieces.

Inventory:

Hand Weapons
 e - a +0 dagger (weapon)
Missiles
 c - 41 stones
Armour
 b - a +0 robe (worn)
Scrolls
 a - a scroll of immolation {unknown}
 g - a scroll of summoning {unknown}
 i - a scroll of identify {unknown}
Potions
 d - a potion of brilliance {unknown}
 f - a potion of cancellation {unknown}
 h - a potion of degeneration {unknown}


   Skills:
 - Level 1.7 Dodging
 - Level 2.3 Stealth
 + Level 2.7 Spellcasting
 + Level 1.7 Conjurations
 - Level 1.0 Transmutations
 + Level 4.4 Earth Magic


You had 4 spell levels left.
You knew the following spells:

 Your Spells              Type           Power      Damage    Failure   Level
a - Sandblast             Erth           36%        2d10      2%          1
b - Stone Arrow           Conj/Erth      26%        3d8       14%         3

Your spell library contained the following spells:

 Spells                   Type           Power      Damage    Failure   Level
 Passwall                 Tmut/Erth      10%        N/A       9%          2
 Petrify                  Tmut/Erth      12%        N/A       50%         4


Dungeon Overview and Level Annotations

Branches:
Dungeon (3/15)

Altars:
Nemelex Xobeh

Shops:
D:2 !   D:3 *!=

Annotations:
D:3 Sigmund


Innate Abilities, Weirdness & Mutations

You are immune to sickness and miasma.
Your stone body is resilient. (AC +3)
You are immune to poison.
You resist negative energy. (rN+)
You are resistant to electric shocks. (rElec)
You are resistant to unholy torment.
You are immune to petrification.


Message History

You are very lightly contaminated with residual magic.
Nothing appears to happen.
The hobgoblin shouts!
The orc throws a boomerang.
The boomerang hits you.
Casting: Stone Arrow (quite dangerous; 14% risk of failure)
Confirm with . or Enter, or press ? or * to list all spells.
Aiming: Stone Arrow (quite dangerous; 14% risk of failure)
Press: ? - help, Shift-Dir - straight line, f/p - orc
Aim: an orc, wielding a +0 flail, wearing a +0 leather armour and quivering boomerangs (68% to hit)
The stone arrow misses the orc.
The orc throws a boomerang.
The boomerang misses you.
Unknown command.
Casting: Stone Arrow (quite dangerous; 14% risk of failure)
Confirm with . or Enter, or press ? or * to list all spells.
Aiming: Sandblast (safe; 2% risk of failure)
Press: ? - help, Shift-Dir - straight line, f/p - orc
Aim: an orc, wielding a +0 flail, wearing a +0 leather armour and quivering boomerangs (79% to hit)
The blast of sand hits the orc.
The orc is almost dead.
The orc hits you with a +0 war axe.
Unknown command.
The orc hits you with a +0 war axe! The orc hits you with a +0 flail.
* * * LOW HITPOINT WARNING * * *
The kobold barely misses you. The hobgoblin misses you.
You climb upwards.
There is a stone staircase leading down here.
Casting: Sandblast (safe; 2% risk of failure)
Confirm with . or Enter, or press ? or * to list all spells.
Aiming: Sandblast (safe; 2% risk of failure)
Press: ? - help, Shift-Dir - straight line, f - kobold
Aim: a kobold, wielding a +1 dagger of venom (74% to hit)
You miscast Sandblast.
Nothing appears to happen.
The orc hits you with a +0 war axe!
* * * LOW HITPOINT WARNING * * *
The orc misses you. The kobold closely misses you.
The hobgoblin hits you but does no damage.
Okay, then.
The hobgoblin misses you.
The orc throws a boomerang.
The boomerang hits you.
You die...

#....#...##....#
#..#.###..####.#
#.##.####.####.##
#.....#.....##..#######
......................##
#####.###.........<<...##
.................Ko.....#
..................g.....#
................@.o.....#
........................#
........................#
........................#
.......................##
...............##.....##
.....#.....############
############


You could see 2 orcs, a hobgoblin and a kobold.

Vanquished Creatures
  2 adders
  A dart slug (D:2)
  3 ball pythons
  3 endoplasms
  A giant cockroach (D:1)
  4 goblins
  5 hobgoblins
  3 jackals (D:2)
  3 kobolds
  2 quokkas
  4 bats
  2 frilled lizards
  3 rats
36 creatures vanquished.

Notes
Turn   | Place    | Note
-------+----------+-------------------------------------------
     0 | D:1      | ders the Gargoyle Earth Elementalist began the quest for
                  | the Orb.
     0 | D:1      | Reached XP level 1. HP: 10/10 MP: 3/3
   342 | D:1      | Reached skill level 1 in Transmutations
   342 | D:1      | Reached XP level 2. HP: 15/15 MP: 3/5
   795 | D:2      | Reached skill level 1 in Conjurations
   795 | D:2      | Reached skill level 4 in Earth Magic
   795 | D:2      | Reached XP level 3. HP: 19/19 MP: 2/6
   804 | D:2      | Learned a level 3 spell: Stone Arrow
   902 | D:2      | Found Huanwo's Distillery.
  1035 | D:2      | Found a sparkling altar of Nemelex Xobeh.
  1147 | D:2      | Found a faded altar of an unknown god.
  1429 | D:3      | Found Waesula's Assorted Antiques.
  1429 | D:3      | Found Emin's Distillery.
  1431 | D:3      | Found Eluit's Jewellery Shop.
  1433 | D:3      | Reached XP level 4. HP: 24/24 MP: 5/8
  1478 | D:3      | Noticed Sigmund
  1652 | D:2      | HP: 1/24 [orc (7)]
  1654 | D:2      | Hit by a boomerang thrown by an orc

Illustrated notes

Levels and vault maps discovered:
D:1:      scummos_arrival_hexagon, layout_rooms, chequers_arboretum
D:2:      layout_rooms, basic_altar, ebering_ecumenical_altar_webs,
          serial_shops, shop
D:3:      layout_rooms, lemuel_doored_altar, serial_shops, nicolae_shop_stone,
          nicolae_shop_overgrown_old_shop, nicolae_shop_waterfront,
          nicolae_shop_waterfront, shop_fountains, uniq_sigmund

Skill      XL: |  1  2 |
---------------+-------+-----
Transmutations | 1 |  1.0
Conjurations   | 1 |  1.7
Earth Magic    | 4 |  4.4
Dodging        | |  1.7
Stealth        | |  2.3
Spellcasting   | |  2.7

Action                   |  1- 3 |  4- 6 || total
-------------------------+-------+-------++-------
Melee: Dagger            |    25 |       ||    25
       Unarmed           |     1 |       ||     1
 Cast: Sandblast         |    45 |     5 ||    50
       Stone Arrow       |       |     1 ||     1
Armor: Robe              |    18 |     1 ||    19
Dodge: Dodged            |    30 |     9 ||    39

Table legend: (Time is in decaauts)
 A = Elapsed time spent in this place.
 B = Non-inter-level travel time spent in this place.
 C = Inter-level travel time spent in this place.
 D = Time resting spent in this place.
 E = Time spent auto-exploring this place.
 F = Levels seen in this place.
 G = Mean time per level.
                   A        B        C        D        E       F      G
               +--------+--------+--------+--------+--------+-----+--------+
         Total |   1654 |   1580 |     74 |    287 |   1054 |   3 |  551.3 |
       Dungeon |   1654 |   1580 |     74 |    287 |   1054 |   3 |  551.3 |
               +--------+--------+--------+--------+--------+-----+--------+

Top non-repeatable levels by time:
     D:2: 792 daAuts
     D:1: 788 daAuts
     D:3: 73 daAuts
